 Dungeon Crawl Stone Soup version 0.26.0-10-g1f06aea511 (webtiles) character file.

Game seed: 2879400513555237444

166 MajorAdolf the Magician (level 5, -2/45 HPs)
             Began as a Naga Wanderer on Jan 16, 2021.
             Slain by a gnoll
             ... wielding a +0 spear
              (5 damage)
             ... on level 2 of the Dungeon.
             The game lasted 00:04:20 (1603 turns).

MajorAdolf the Magician (Naga Wanderer)             Turns: 1603, Time: 00:04:21

Health: -2/45      AC:  1    Str: 16    XL:     5   Next: 47%
Magic:  7/11       EV:  9    Int: 13    God:
Gold:   70         SH:  0    Dex:  9    Spells: 11/12 levels left

rFire    . . .     SeeInvis +   a - +0 hand crossbow
rCold    . . .     Faith    .   (no shield)
rNeg     . . .     Spirit   .   (no armour)
rPois    +         Reflect  .   (no helmet)
rElec    .         Harm     .   (no cloak)
rCorr    .         Rampage  .   (no gloves)
Will     .....     Rnd*Tele +   (no barding)
Stlth    +.........             (no amulet)
HPRegen  0.15/turn              h - ring of teleportation (curse)
MPRegen  0.12/turn              (no ring)

@: short of breath, very slow
A: large, see invisible, deformed body, poison resistance, slowness 2, spit
poison 1, AC +1
a: Spit Poison


You were on level 2 of the Dungeon.
You visited 1 branch of the dungeon, and saw 2 of its levels.

You collected 70 gold pieces.

Inventory:

Hand Weapons
 a - a +0 hand crossbow (weapon)
Missiles
 d - 4 bolts (quivered ammo)
Jewellery
 h - a cursed ring of teleportation (left hand)
Scrolls
 e - 2 scrolls of fear {unknown}
 f - a scroll of identify {unknown}
 i - a scroll of fog {unknown}
 j - a scroll of noise {unknown}


   Skills:
 - Level 2.0 Fighting
 - Level 1.0 Crossbows
 - Level 1.5 Stealth
 + Level 4.4 Spellcasting
 - Level 1.0 Fire Magic
 + Level 3.6 Ice Magic
 - Level 1.0 Evocations


You had 11 spell levels left.
You knew the following spells:

 Your Spells              Type           Power        Failure   Level
a - Freeze                Ice            48%          4%          1

Your spell library contained the following spells:

 Spells                   Type           Power        Failure   Level
 Frozen Ramparts          Ice            24%          13%         3
 Ozocubu's Armour         Ice            12%          13%         3
 Hailstorm                Conj/Ice       7%           67%         4
 Summon Ice Beast         Ice/Summ       7%           67%         4


Dungeon Overview and Level Annotations

Branches:
Dungeon (2/15)

Altars:
Ru


Innate Abilities, Weirdness & Mutations

You cannot wear boots.
Your serpentine skin is tough. (AC +1)
You have supernaturally acute eyesight. (SInv)
Armour fits poorly on your strangely shaped body.
Your system is resistant to poisons. (rPois)
You cover ground very slowly.
You can spit poison.


Message History

Unknown command.
You have got your breath back.
Okay, then.
You aren't carrying any potions.
Unknown command.
Casting: Freeze (safe; 4% risk of failure)
Confirm with . or Enter, or press ? or * to list all spells.
Aiming: Freeze (safe; 4% risk of failure)
Press: ? - help, Shift-Dir - straight line, f/p - gnoll
Aim: a gnoll, wielding a +0 falchion (severely wounded, poisoned)
You freeze the gnoll!
You kill the gnoll!
The gnoll shouts!
Press: ? - help, Shift-Dir - straight line, f - gnoll
Aim: a gnoll, wielding a +0 spear (moderately wounded)
The splash of poison misses the gnoll.
The splash of poison hits the gnoll.
The gnoll is poisoned.
The gnoll is lightly wounded.
The gnoll hits you from afar with a +0 spear.
You die...

#.. .# ## #.# ###.# .. ...
..#.#
.####.####.#.############
.#.......#.#....@)g$g†(.##
.#.##.##.#.#.#########(..##
.#.#...#.#.#.#
######((...####
....._.......#
#......g.......
.#.#...#.#.###
#.####.....####
.#.##.##.#.# ##...##
.#.......#.# ##.##
.####.####)# >#
...........# .#


You could see 2 gnolls.

Vanquished Creatures
  Terence (D:2)
  A worker ant (D:2)
  A gnoll (D:2)
  6 adders (D:2)
  2 worms (D:2)
  A dart slug (D:1)
  A leopard gecko (D:1)
  2 ball pythons
  3 giant cockroaches
  8 goblins
  4 hobgoblins
  A jackal (D:2)
  5 kobolds
  2 quokkas (D:2)
  5 bats
  A frilled lizard (D:2)
  2 rats (D:2)
46 creatures vanquished.

Notes
Turn   | Place    | Note
-------+----------+-------------------------------------------
     0 | D:1      | MajorAdolf the Naga Wanderer began the quest for the Orb.
     0 | D:1      | MajorAdolf set off with the following items: a +0 hand
                  | crossbow, a +0 ring mail, 27 bolts; and the following spell
                  | memorised: Freeze; and the following spells available to
                  | memorise: Frozen Ramparts, Ozocubu's Armour, Hailstorm,
                  | Summon Ice Beast
     0 | D:1      | Reached XP level 1. HP: 19/19 MP: 4/4
   115 | D:1      | Reached XP level 2. HP: 26/26 MP: 6/6
   566 | D:2      | Found a sacrificial altar of Ru.
   596 | D:2      | Reached XP level 3. HP: 30/32 MP: 7/7
   674 | D:2      | Noticed Terence
   686 | D:2      | Killed Terence
   870 | D:2      | Reached XP level 4. HP: 39/39 MP: 9/9
  1163 | D:2      | Reached skill level 4 in Spellcasting
  1233 | D:2      | Reached XP level 5. HP: 6/45 MP: 0/11
  1603 | D:2      | Slain by a gnoll

Illustrated notes

Levels and vault maps discovered:
D:1:      lightli_arrival_statuegarden, layout_rooms,
          minmay_misc_feat_secret_circle, minmay_tripent
D:2:      layout_loops_ring, nicolae_ru_sacrificial_ziggurat,
          lemuel_blue_sif_altar, minmay_fractal_squares_5, uniq_terence

Skill      XL: |  1  2  3  4 |
---------------+-------------+-----
Ice Magic      | 2 3 |  3.6
Spellcasting   | 4 |  4.4
Fighting       | |  2.0
Crossbows      | |  1.0
Stealth        | |  1.5
Fire Magic     | |  1.0
Evocations     | |  1.0

Action                   |  1- 3 |  4- 6 || total
-------------------------+-------+-------++-------
 Fire: Hand crossbow     |    58 |    21 ||    79
 Cast: Freeze            |     5 |    39 ||    44
 Abil: Spit Poison       |       |     9 ||     9
  Use: Potion            |       |     2 ||     2
       Scroll            |       |     1 ||     1
Armor: Ring mail         |    11 |       ||    11
       Skin              |       |     1 ||     1
Dodge: Dodged            |    28 |    35 ||    63
